 Dungeon Crawl Stone Soup version 0.17.0-28-g6e173f8 (webtiles) character file.

75348 DeXoteric the Severer (level 15, -8/151 HPs)
             Began as a Minotaur Berserker on Nov 26, 2015.
             Was the Champion of Trog.
             Hit by a large rock thrown by a cyclops (27 damage)
             ... on level 3 of the Orcish Mines.
             The game lasted 01:16:30 (28225 turns).

DeXoteric the Severer (Minotaur Berserker)         Turns: 28225, Time: 01:16:31

Health: -8/151     AC: 25    Str: 23    XL:     15   Next: 9%
Magic:  4/4        EV: 12    Int:  4    God:    Trog [******]
Gold:   2317       SH:  0    Dex: 18    Spells: 0 memorised, 14 levels left

rFire  + . .     SeeInvis .     a - +9 executioner's axe (antimagic)
rCold  . . .     Clarity  .     p - +0 plate armour
rNeg   . . .     SustAt   .     (shield currently unavailable)
rPois  .         Gourm    .     (helmet restricted)
rElec  .         Spirit   .     s - +1 cloak
rCorr  .         Warding  .     (no gloves)
rMut   .         Stasis   .     B - +5 pair of boots of Wasted Space {Regen+ Dex+3 Stlth-}
MR     ++...                    (no amulet)
Stlth  ..........               l - ring of protection from magic
                                o - ring of protection from fire

@: studying Fighting, very resistant to hostile enchantments, extremely
unstealthy
A: retaliatory headbutt, horns 2
a: Berserk, Trog's Hand, Brothers in Arms, Burn Spellbooks, Renounce Religion


You were on level 3 of the Orcish Mines.
You worshipped Trog.
Trog was exalted by your worship.
You were hungry.

You visited 3 branches of the dungeon, and saw 23 of its levels.
You also visited: Sewer, Ossuary and Ice Cave.

You collected 2317 gold pieces.

Inventory:

Hand Weapons
 a - a +9 antimagic executioner's axe (weapon)
 b - a +2 battleaxe of flaming
Armour
 p - a +0 plate armour (worn)
 s - a +1 cloak (worn)
 B - the +5 pair of boots of Wasted Space (worn) {Regen+ Dex+3 Stlth-}
   (You found it on level 12 of the Dungeon)

   It affects your dexterity (+3).
   It increases your rate of regeneration.
   It makes you less stealthy.
Jewellery
 l - a ring of protection from magic (right hand)
 o - a ring of protection from fire (left hand)
Wands
 i - a wand of teleportation (5)
 m - a wand of invisibility (3)
 y - a wand of lightning (8)
 I - a wand of fireball (8)
 K - a wand of digging (2)
 P - a wand of lightning (8)
 S - a wand of draining (7)
Scrolls
 d - a scroll of fear
 f - 2 scrolls of magic mapping
 g - 8 scrolls of remove curse
 h - 11 scrolls of teleportation
 q - 3 scrolls of recharging
 u - a scroll of silence
 w - 4 scrolls of enchant weapon
 z - 6 scrolls of enchant armour
 C - 3 scrolls of blinking
 L - a scroll of fog
Potions
 j - 3 potions of might
 n - 6 potions of heal wounds
 v - 3 potions of invisibility
 x - 9 potions of curing
 A - a potion of cancellation
 E - 6 potions of flight
 F - 6 potions of brilliance
 M - a potion of cure mutation
 N - a potion of resistance
 Q - a potion of berserk rage {unknown}
 U - a potion of agility
 Z - a potion of ambrosia {unknown}
Books
 X - a manual of Fighting
Miscellaneous
 e - a lamp of fire
 O - 2 phantom mirrors
 W - a box of beasts
Comestibles
 c - 16 bread rations
 k - 16 meat rations
 r - 9 beef jerkies
 t - 13 chunks of flesh


   Skills:
 + Level 18.8 Fighting
 + Level 20.6 Axes
 - Level 12.9 Armour
 - Level 7.3 Dodging


You had 14 spell levels left.
You didn't know any spells.

Dungeon Overview and Level Annotations

Branches:
Dungeon (12/15)            Temple (0/1) D:7            Lair (8/8) D:10
  Swamp (0/4) Lair:5        Snake (0/4) Lair:3        Slime (0/6) Lair:8
    Orc (3/4) D:12            Elf (0/3) Orc:3

Altars:
Ashenzari
Cheibriados
Nemelex Xobeh
Ru
Sif Muna
Trog
Xom
Yredelemnul
Zin

Shops:
D:8 (   Orc:1 *

Annotations:
D:7 exclusion: door


Innate Abilities, Weirdness & Mutations

You reflexively headbutt those who attack you in melee.
You have a pair of horns on your head.


Message History

Trog accepts your kill.
The cyclops throws a large rock.
The large rock hits you!
* * * LOW HITPOINT WARNING * * *
The cyclops throws a large rock.
The large rock barely misses you.
Your hill giant rages.
You see here a large rock.
Your hill giant barely misses the cyclops.
The cyclops hits your hill giant!
The cyclops throws a large rock.
The large rock hits you!
* * * LOW HITPOINT WARNING * * *
You see here a large rock.
Your hill giant hits the cyclops with a giant club!!!
There is an open door, spattered with blood here.
Things that are here:
a giant club; a giant spiked club; a giant spiked club Your hill giant hits the cyclops with a giant club!
The cyclops dies!
Trog accepts your kill.
The cyclops throws a large rock.
The large rock hits you!!
You die...

#...##.#
#...##.#
#...)).#
#...####
#...#
#...#
##'## )#
#.# ))#
#H# ))#
##)##'###
#.(.....#
#.(.....#
#((.....#
#.(.....#
#.CC....#
#.(.....#
#.......#


You could see a cyclops and a friendly hill giant (berserk).

Vanquished Creatures
  Donald (Orc:3)
  4 dire elephants (Lair:8)
  The ghost of Clownie the Blocker, a journeyman FoFi of the Shining One (D:10)
  An ice dragon (Lair:7)
  6 hydras
  Erica (D:10)
  An anaconda (Lair:8)
  11 death yaks
  Nergalle (Orc:2)
  15 hill giants
  A lindwurm (Lair:5)
  An ugly thing (D:11)
  A griffon (Lair:3)
  2 cyclopes (Orc:3)
  7 elephants
  2 manticores (D:12)
  2 black mambas
  Maurice (D:9)
  An ice statue (IceCv)
  4 torpor snails (Lair:3)
  11 spiny frogs
  5 fire drakes
  8 komodo dragons
  A merfolk (D:9)
  2 trolls
  Grinder (D:5)
  11 slime creatures (D:12)
  3 polar bears (Lair:7)
  The ghost of bezhaha the Cudgeler, an amateur HuFi (D:4)
  14 blink frogs
  A hornet zombie (D:12)
  The ghost of Solomon123 the Covert, an amateur SpAs (Ossuary)
  A deep elf fighter (D:10)
  A wraith (D:11)
  A deep elf mage (D:9)
  2 basilisks
  40 yaks
  2 wyverns
  10 wargs
  5 hippogriffs
  3 nagas (Lair:3)
  5 insubstantial wisps (Lair:5)
  22 wolves
  18 porcupines
  21 water moccasins
  A black bear (Lair:3)
  2 eyes of draining
  3 sky beasts
  9 ice beasts
  6 ogres
  A phantom (D:8)
  12 centaurs
  2 necrophages
  9 orc warriors
  13 crocodiles
  2 big kobolds
  20 giant frogs
  5 scorpions
  5 electric eels
  A killer bee (D:5)
  A centaur zombie (D:7)
  8 wights
  A lava snake (Lair:5)
  A crimson imp (D:6)
  A giant frog skeleton (D:11)
  3 jellies
  12 orc priests
  6 hounds
  6 iguanas
  2 centaur skeletons
  18 orc wizards
  Jessica (D:3)
  A quasit (Lair:1)
  8 worker ants
  15 sheep
  A hound zombie (D:7)
  A hound skeleton (D:11)
  8 mummies (Ossuary)
  7 adders
  3 gnolls (D:8)
  73 river rats
  3 shadow imps
  5 oozes
  An adder skeleton (D:5)
  7 worms
  5 giant geckos
  117 orcs
  5 ball pythons
  9 goblins
  13 hobgoblins
  16 jackals
  5 quokkas
  31 bats
  7 giant cockroaches
  5 giant newts
  A gnoll zombie (Ossuary)
  2 hobgoblin zombies (Ossuary)
  17 kobolds
  4 kobold zombies (Ossuary)
  An orc zombie (Ossuary)
  A quokka skeleton (D:9)
  16 rats
  2 rat zombies (D:6)
  A butterfly (Lair:8)
  7 fungi
  11 plants
814 creatures vanquished.

Vanquished Creatures (collateral kills)
  A stone giant (Orc:3)
  A dire elephant (Lair:8)
  2 hydras
  A cyclops (Orc:3)
5 creatures vanquished.

Vanquished Creatures (others)
  An ice statue (IceCv)
  7 bushes (Lair:8)
  35 fungi
  15 plants
58 creatures vanquished.

Grand Total: 877 creatures vanquished

Notes
Turn   | Place    | Note
--------------------------------------------------------------
     0 | D:1      | DeXoteric the Minotaur Berserker began the quest for the Orb.
     0 | D:1      | Reached XP level 1. HP: 19/19 MP: 0/0
   146 | D:1      | Reached skill level 4 in Axes
   273 | D:1      | Reached XP level 2. HP: 27/27 MP: 1/1
   554 | D:1      | Reached ** piety under Trog
   741 | D:1      | You fall through a shaft!
   845 | D:2      | Reached XP level 3. HP: 24/34 MP: 2/2
  1203 | D:2      | Found a bloodstained altar of Trog.
  1372 | D:2      | Found a faded altar to an unknown god.
  1385 | D:2      | Reached skill level 5 in Fighting
  1499 | D:2      | Reached XP level 4. HP: 38/42 MP: 3/3
  2155 | D:2      | Reached skill level 5 in Axes
  2502 | D:3      | Reached *** piety under Trog
  2509 | D:3      | Noticed Jessica
  2512 | D:3      | Killed Jessica
  2675 | D:3      | Reached XP level 5. HP: 44/50 MP: 4/4
  2719 | D:3      | Found a sparkling altar of Nemelex Xobeh.
  3038 | D:4      | Found a basalt altar of Yredelemnul.
  3101 | D:4      | Noticed bezhaha's ghost (amateur HuFi)
  3245 | D:4      | Reached skill level 6 in Fighting
  3397 | D:4      | Reached XP level 6. HP: 53/58 MP: 5/5
  3487 | D:4      | Killed bezhaha's ghost
  3487 | D:4      | Reached skill level 7 in Fighting
  3487 | D:4      | Reached XP level 7. HP: 66/66 MP: 6/6
  3878 | D:5      | Entered Level 5 of the Dungeon
  3922 | D:5      | Found a glowing drain.
  3926 | Sewer    | Entered a sewer
  3973 | Sewer    | Reached **** piety under Trog
  4929 | D:5      | Noticed Grinder
  4937 | D:5      | Paralysed by Grinder for 7 turns
  5001 | D:5      | Killed Grinder
  5001 | D:5      | Reached skill level 8 in Fighting
  5482 | D:5      | Reached XP level 8. HP: 15/75 MP: 7/7
  5966 | D:5      | Found a glowing silver altar of Zin.
  5973 | D:5      | Found a shattered altar of Ashenzari.
  5973 | D:5      | Found a sparkling altar of Nemelex Xobeh.
  5973 | D:5      | Found a basalt altar of Yredelemnul.
  6186 | D:6      | Reached skill level 9 in Fighting
  6406 | D:6      | Found a sand-covered staircase.
  6425 | Ossuary  | Entered an ossuary
  6431 | Ossuary  | Noticed Solomon123's ghost (amateur SpAs)
  6455 | Ossuary  | Killed Solomon123's ghost
  6961 | D:6      | Found a sacrificial altar of Ru.
  7288 | D:7      | Found a deep blue altar of Sif Muna.
  7339 | D:7      | Found a staircase to the Ecumenical Temple.
  7369 | D:7      | Reached skill level 10 in Fighting
  7369 | D:7      | Reached skill level 10 in Axes
  8051 | D:8      | Found Poelusiw's Weapon Shoppe.
  8075 | D:8      | Reached XP level 9. HP: 66/86 MP: 8/8
  8460 | D:8      | Reached skill level 11 in Axes
  9268 | D:9      | Reached ***** piety under Trog
  9437 | D:9      | Found a sacrificial altar of Ru.
  9493 | D:9      | Noticed Maurice
  9534 | D:9      | Killed Maurice
  9648 | D:9      | Reached skill level 12 in Axes
  9779 | D:9      | Reached XP level 10. HP: 88/96 MP: 9/9
 10003 | D:10     | Entered Level 10 of the Dungeon
 10054 | D:10     | Noticed Erica
 10080 | D:10     | Killed Erica
 10080 | D:10     | Reached skill level 5 in Armour
 10226 | D:10     | Reached skill level 5 in Dodging
 10347 | D:10     | Found a staircase to the Lair.
 10410 | D:10     | Noticed Clownie's ghost (journeyman FoFi)
 10432 | D:10     | Killed Clownie's ghost
 10432 | D:10     | Reached skill level 13 in Axes
 11041 | Lair:1   | Entered Level 1 of the Lair of Beasts
 11041 | Lair:1   | Noticed an eight-headed hydra
 11055 | D:10     | Killed an eight-headed hydra
 11176 | Lair:1   | Reached XP level 11. HP: 70/105 MP: 10/10
 11341 | Lair:1   | Received a gift from Trog
 11501 | Lair:1   | Noticed a seven-headed hydra
 11517 | Lair:1   | Killed a seven-headed hydra
 11839 | Lair:1   | Reached skill level 14 in Axes
 14319 | Lair:3   | Found a staircase to the Snake Pit.
 14329 | Lair:3   | Reached skill level 15 in Axes
 14583 | Lair:3   | Reached XP level 12. HP: 115/115 MP: 11/11
 14598 | Lair:3   | Received a gift from Trog
 14990 | Lair:3   | Found a snail-covered altar of Cheibriados.
 15430 | Lair:3   | Reached skill level 16 in Axes
 17102 | Lair:5   | Reached skill level 10 in Armour
 17156 | Lair:5   | Received a gift from Trog
 17397 | Lair:5   | Noticed a seven-headed hydra
 17413 | Lair:5   | Killed a seven-headed hydra
 17650 | Lair:5   | Got a steaming flail
 17651 | Lair:5   | Identified the +7 flail of the Common Good {crush, +Inv rN+} (You found it on level 5 of the Lair of Beasts)
 17781 | Lair:5   | Found a sacrificial altar of Ru.
 17905 | Lair:5   | Found a staircase to the Swamp.
 17928 | Lair:5   | Reached skill level 17 in Axes
 18704 | Lair:5   | Reached XP level 13. HP: 117/125 MP: 12/12
 19299 | Lair:6   | Noticed a five-headed hydra
 19308 | Lair:6   | Killed a five-headed hydra
 19429 | Lair:6   | Received a gift from Trog
 19538 | Lair:6   | Reached ****** piety under Trog
 19594 | Lair:6   | Noticed a seven-headed hydra
 19608 | Lair:6   | Killed a seven-headed hydra
 20263 | Lair:7   | Reached skill level 18 in Axes
 20450 | Lair:7   | Found a frozen archway.
 20459 | Lair:7   | Reached skill level 15 in Fighting
 20612 | IceCv    | Entered an ice cave
 20619 | IceCv    | Received a gift from Trog
 21023 | Lair:7   | Received a gift from Trog
 21495 | Lair:8   | Entered Level 8 of the Lair of Beasts
 22136 | Lair:8   | Found a staircase to the Slime Pits.
 22268 | Lair:8   | Reached XP level 14. HP: 86/135 MP: 4/13
 22622 | Lair:8   | Reached skill level 19 in Axes
 23523 | Lair:8   | Received a gift from Trog
 23661 | Lair:8   | HP: 1/137 [dire elephant (20)]
 25851 | D:12     | Got a pair of twisted boots
 25862 | D:12     | Identified the +5 pair of boots of Wasted Space {Regen+ Dex+3 Stlth-} (You found it on level 12 of the Dungeon)
 25910 | D:12     | Found a staircase to the Orcish Mines.
 26417 | D:12     | Reached skill level 20 in Axes
 26716 | Orc:1    | Entered Level 1 of the Orcish Mines
 26914 | Orc:2    | Noticed Nergalle
 26932 | Orc:2    | Killed Nergalle
 27142 | Orc:1    | Found Ozaxiduh's General Store.
 27169 | Orc:1    | Received a gift from Trog
 27180 | Orc:1    | Got a slimy battleaxe {god gift}
 27181 | Orc:1    | Identified the +8 battleaxe "Teohuika" {antimagic, rF- rN++} (Trog gifted it to you on level 1 of the Orcish Mines)
 27285 | Orc:2    | Found a shimmering altar of Xom.
 27638 | Orc:3    | Noticed Donald
 27646 | Orc:3    | Killed Donald
 27767 | Orc:3    | Found a staircase to the Elven Halls.
 28095 | Orc:3    | Reached XP level 15. HP: 150/150 MP: 4/14
 28101 | Orc:3    | Received a gift from Trog
 28225 | Orc:3    | Hit by a large rock thrown by a cyclops

Action                   |  1- 3 |  4- 6 |  7- 9 | 10-12 | 13-15 || total
-------------------------+-------+-------+-------+-------+-------++-------
Melee: Hand axe          |    69 |   105 |   431 |       |       ||   605
       Dire flail        |       |       |    51 |   119 |       ||   170
       Battleaxe         |       |       |       |   444 |    68 ||   512
       Executioner's axe |       |       |       |       |   639 ||   639
       Flail             |       |       |       |       |    18 ||    18
Invok: Berserk           |       |     2 |     3 |     3 |     1 ||     9
       Trog's Hand       |       |       |     1 |       |     1 ||     2
       Brothers in Arms  |       |       |       |     2 |     3 ||     5
       Burn Spellbooks   |       |       |       |     1 |     2 ||     3
Evoke: Wand              |       |       |     6 |     1 |     2 ||     9
       Lamp of fire      |       |       |       |       |     1 ||     1
  Use: Scroll            |       |     4 |    14 |     6 |    16 ||    40
       Potion            |       |       |     1 |       |     1 ||     2
 Stab: Invisible         |       |       |       |       |     2 ||     2
       Distracted        |       |       |       |       |     1 ||     1
  Eat: Chunk             |     2 |     7 |    17 |    29 |    31 ||    86
       Royal jelly       |       |       |     2 |     1 |       ||     3
       Pizza             |       |       |     2 |       |       ||     2
       Beef jerky        |       |       |     1 |       |     1 ||     2
